 Dungeon Crawl Stone Soup version 0.29.1-1-gd02db6906a (webtiles) character file.

Game seed: 16403390040850747903

143995 raistware the Devastator (level 17, -6/115 HPs)
             Began as an Octopode Conjurer on Sept 15, 2022.
             Was a High Priest of Vehumet.
             Killed by divine providence
             ... invoked by a deep elf high priest
              (12 damage)
             ... on level 3 of the Elven Halls.
             The game lasted 01:51:46 (38546 turns).

raistware the Devastator (Octopode Conjurer)       Turns: 38546, Time: 01:51:46

Health: -6/115     AC:  7    Str:  6    XL:     17   Next: 39%
Magic:  25/46      EV: 16    Int: 25    God:    Vehumet [*****.]
Gold:   2443       SH:  5    Dex: 14    Spells: 21/49 levels left

rFire   + . .      SeeInvis +   a - staff of conjuration
rCold   + + .      Faith    .   (no shield)
rNeg    . . .      Spirit   .   j - +2 hat {SInv}
rPois   +          Reflect  +   L - amulet of reflection
rElec   .          Harm     .   p - ring of poison resistance
rCorr   +          Rampage  .   K - ring of protection from cold
Will    ++...                   O - ring of wizardry
Stlth   +++.......              U - ring of resist corrosion
HPRegen 0.29/turn               z - ring of magical power
MPRegen 0.30/turn               F - ring "Jatomo" {rF+ AC+4}
                                X - ring of willpower
                                Z - ring of protection from cold

@: no status effects
A: almost no armour, amphibious, 8 rings, camouflage 1, gelatinous body 1,
(nimble swimmer 1), tentacles
a: Renounce Religion


You were on level 3 of the Elven Halls.
You worshipped Vehumet.
Vehumet was extremely pleased with you.
You visited 5 branches of the dungeon, and saw 23 of its levels.
You also visited: Ossuary.

You collected 2826 gold pieces.
You spent 383 gold pieces at shops.

Inventory:

Hand Weapons
 b - the +8 dagger of Terra Cotta {flame, Int+2}
   (You found it on level 4 of the Dungeon)

   It burns those it strikes, dealing additional fire damage.
   Int:       It affects your intelligence (+2).
Missiles
 r - 5 curare-tipped darts
 t - 2 throwing nets
 M - 16 poisoned darts
Armour
 j - a +2 hat of see invisible (worn)
 N - a +0 buckler
Magical Staves
 a - a staff of conjuration (weapon)
Jewellery
 g - an amulet of the acrobat
 p - a ring of poison resistance (left tentacle)
 z - a ring of magical power (on tentacle)
 F - the ring "Jatomo" (on tentacle) {rF+ AC+4}
   (You took it off a deep elf sorcerer on level 3 of the Elven Halls)

   [ring of protection]

   AC:        It affects your AC (+4).
   rF:        It protects you from fire.
 K - a ring of protection from cold (right tentacle)
 L - an amulet of reflection (around mantle)
 O - a ring of wizardry (on tentacle)
 U - a ring of resist corrosion (on tentacle)
 V - a ring of wizardry
 X - a ring of willpower (on tentacle)
 Y - the ring of Divine Compulsion {Fly rF- rC+ MP+9 Str+2}
   (You found it on level 3 of the Elven Halls)

   [ring of magical power]

   Str:       It affects your strength (+2).
   rF:        It makes you vulnerable to fire.
   rC:        It protects you from cold.
   MP:        It affects your magic capacity (+9).
   Fly:       It grants you flight.
 Z - a ring of protection from cold (on tentacle)
Wands
 v - a wand of charming (16)
 I - a wand of light (13)
 T - a wand of flame (24)
Scrolls
 h - 3 scrolls of magic mapping
 l - 8 scrolls of butterflies
 m - 7 scrolls of noise
 n - 12 scrolls of teleportation
 q - 4 scrolls of enchant weapon
 s - 6 scrolls of fear
 w - 5 scrolls of vulnerability
 x - 6 scrolls of amnesia
 y - 9 scrolls of blinking
 D - 3 scrolls of enchant armour
 G - a scroll of immolation
 J - 2 scrolls of poison
 Q - 5 scrolls of summoning
 R - 2 scrolls of acquirement {unknown}
 S - a scroll of torment {unknown}
Potions
 c - 7 potions of mutation
 d - 4 potions of lignification
 e - 2 potions of heal wounds
 f - 17 potions of curing
 i - 6 potions of attraction
 k - 6 potions of haste
 o - 3 potions of berserk rage
 u - 6 potions of brilliance
 A - 5 potions of might
 B - 3 potions of invisibility
 C - 3 potions of cancellation
 E - 4 potions of resistance
 H - 7 potions of flight
 P - 5 potions of ambrosia
 W - 2 potions of magic


   Skills:
 - Level 10.1 Fighting
 - Level 8.0 Dodging
 - Level 3.0 Stealth
 * Level 16.8 Spellcasting
 - Level 18.0 Conjurations
 - Level 4.0 Translocations
 - Level 10.0 Earth Magic
 - Level 2.0 Evocations


You had 21 spell levels left.
You knew the following spells:

 Your Spells              Type           Power      Damage    Failure   Level
a - Magic Dart            Conj           100%       1d8       0%          1
b - Mephitic Cloud        Conj/Pois/Air  66%        N/A       1%          3
c - Iskenderun's Mystic   Conj/Tloc      85%        2d17      1%          4
d - Stone Arrow           Conj/Erth      100%       3d13      0%          3
e - Orb of Destruction    Conj           52%        9d13      1%          7
f - Iron Shot             Conj/Erth      47%        9d9       1%          6
g - Olgreb's Toxic Radia  Pois           21%        N/A       3%          4

Your spell library contained the following spells:

 Spells                   Type           Power      Damage    Failure   Level
 Ozocubu's Refrigeration  Ice            10%        4d9       83%         7
 Searing Ray              Conj           100%       2d8       0%          2
 Sting                    Tmut/Pois      84%        1d7       1%          1
 Blink                    Tloc           82%        N/A       1%          2
 Call Imp                 Summ           21%        N/A       1%          2
 Ensorcelled Hibernation  Hex/Ice        42%        N/A       1%          2
 Poisonous Vapours        Pois/Air       42%        N/A       1%          2
 Scorch                   Fire           42%        2d7       1%          2
 Static Discharge         Conj/Air       78%        3-13/arc  1%          2
 Conjure Flame            Conj/Fire      78%        6-21      1%          3
 Dazzling Flash           Conj/Hex       100%       N/A       1%          3
 Ignite Poison            Fire/Tmut/Pois 21%        N/A       1%          3
 Lesser Beckoning         Tloc           41%        N/A       1%          3
 Portal Projectile        Hex/Tloc       62%        N/A       1%          3
 Flame Wave               Conj/Fire      78%        2d17      1%          4
 Fulminant Prism          Conj/Hex       39%        3d18      1%          4
 Sticky Flame             Conj/Fire      78%        2d9       1%          4
 Lightning Bolt           Conj/Air       39%        1d57      1%          5
 Starburst                Conj/Fire      39%        6d11      1%          6
 Ozocubu's Armour         Ice            21%        N/A       3%          3
 Spider Form              Tmut/Pois      21%        N/A       3%          3
 Tukima's Dance           Hex            21%        N/A       3%          3
 Manifold Assault         Tloc           41%        N/A       5%          5
 Anguish                  Hex/Necr       10%        N/A       10%         4
 Agony                    Necr           21%        N/A       26%         5
 Blade Hands              Tmut           10%        N/A       26%         5
 Metabolic Englaciation   Hex/Ice        10%        N/A       26%         5
 Silence                  Hex/Air        10%        N/A       26%         5
 Simulacrum               Ice/Necr       10%        N/A       80%         6
 Summon Cactus Giant      Summ           10%        N/A       80%         6
 Maxwell's Capacitive Co  Air            10%        ∞         100%        8


Dungeon Overview and Level Annotations

Branches:
Dungeon (12/15)            Temple (1/1) D:6            Lair (5/5) D:9
 Shoals (0/4) Lair:2        Snake (0/4) Lair:3        Slime (0/5) Lair:5
    Orc (2/2) D:9             Elf (3/3) Orc:2       Ossuary (visited)

Altars:
Ashenzari
Gozag
Makhleb
Okawaru
Qazlal
Ru
Trog
Vehumet
Wu Jian
Zin
The Shining One
Jiyva

Shops:
D:4 ((:![   D:8 (   D:10 =   Orc:2 =*[(   Elf:1 *![*   Elf:3 [

Portals:
Trove: Elf:3 (give 15 scrolls of teleportation)

Annotations:
Lair:3 3 runed translucent doors, Yjeari's ghost, journeyman GrMo
Orc:1 3 runed translucent doors, exclusion: 3 doors, Ashen's ghost, journeyman DsIE
Elf:2 2 runed translucent doors, exclusion: 2 doors


Innate Abilities, Weirdness & Mutations

You cannot wear most types of armour.
You are amphibious.
You can wear up to eight rings at the same time.
Your skin changes colour to match your surroundings (Stealth+).
Your rubbery body absorbs attacks. (AC +1, EV +1)
((You are camouflaged when in or above water. (Stealth+)))
You have tentacles for arms and can constrict up to eight enemies at once.


Message History

Unknown command.
The deep elf high priest mumbles some strange prayers to its god against you.
Something smites you!
The deep elf high priest calls down the wrath of its god upon you.
The sphere of damnation explodes!
The damnation engulfs you!!
You hear a shout! x7
The deep elf high priest mumbles some strange prayers to its god.
The deep elf high priest begins emitting a brilliant aura!
The deep elf high priest prays to its god.
The deep elf high priest begins emitting a brilliant aura!
You see here a +0 short sword.
Casting: Iskenderun's Mystic Blast (safe; 1% risk of failure)
Confirm with . or Enter, or press ? or * to list all spells.
Okay, then.
Casting: Iskenderun's Mystic Blast (safe; 1% risk of failure)
Confirm with . or Enter, or press ? or * to list all spells.
You begin to radiate toxic energy.
The deep elf high priest is poisoned. x2
The deep elf high priest looks even sicker.
The deep elf high priest prays.
Unknown command.
Unknown command.
Your toxic aura wanes.
Casting: Olgreb's Toxic Radiance (mildly dangerous; 3% risk of failure)
Confirm with . or Enter, or press ? or * to list all spells.
You begin to radiate toxic energy.
The deep elf high priest looks even sicker.
The deep elf high priest mumbles some strange prayers.
The deep elf high priest calls down the wrath of its god upon you.
Something smites you!
Unknown command.
Your toxic aura wanes.
The deep elf high priest calls down the wrath of its god upon you.
Something smites you!
* * * LOW HITPOINT WARNING * * *
The deep elf high priest invokes the aid of its god against you.
The sphere of damnation explodes!
The damnation engulfs you!!
* * * LOW HITPOINT WARNING * * *
The deep elf high priest invokes the aid of its god against you.
Something smites you!
You die...

### #)###
#.# #.# #.#
#.# ######.#
#...##.#
#####.)..).#
#...).@.####
#..)..###
##....#
#.)...#
###))## #..#
#).# #ee#
#e)#


You could see 2 deep elf high priests.

Vanquished Creatures
  Gastronok (D:9)
  An orc warlord (Orc:2)
  2 deep elf sorcerers (Elf:3)
  3 deep elf elementalists
  3 deep elf demonologists
  4 deep elf annihilators (Elf:3)
  5 deep elf death magi
  A fire dragon (Lair:5)
  3 deep elf high priests
  Erolcha (D:8)
  3 hydras
  An ogre mage (Orc:2)
  Harold (D:10)
  A boulder beetle (Lair:4)
  Erica (D:10)
  8 two-headed ogres
  9 death yaks
  4 orc high priests (Orc:2)
  15 dancing weapons
  4 deep elf knights
  A fire crab (Lair:5)
  5 deep elf archers
  24 deep elf pyromancers
  4 orc knights (Orc:2)
  23 deep elf zephyrmancers
  5 orc sorcerers
  2 ugly things
  8 elephants (Lair:4)
  A cyclops (D:12)
  2 manticores (D:11)
  Joseph (D:9)
  16 cane toads
  6 black mambas
  2 molten gargoyles (Lair:5)
  2 gargoyles
  A torpor snail (Lair:5)
  An unseen horror (D:10)
  3 kobold demonologists
  Psyche (D:9)
  11 komodo dragons
  2 rime drakes
  2 trolls
  A polar bear (Lair:5)
  11 blink frogs
  A snapping turtle (Lair:2)
  5 dream sheep (Lair:5)
  2 vampires
  42 yaks
  A spriggan (Lair:5)
  2 air elementals (Elf:2)
  A shadow (D:10)
  5 fire elementals
  7 wyverns
  7 basilisks
  3 water elementals
  4 steam dragons
  4 vampire mosquitoes (D:11)
  5 wargs (Orc:2)
  2 acid dragons
  14 water moccasins
  3 hell hounds (Lair:5)
  An ice beast (D:6)
  4 black bears
  32 orc warriors
  2 sky beasts (D:7)
  6 wolves
  7 centaurs
  5 ogres
  2 phantoms
  11 bullfrogs
  4 kobold brigands
  7 earth elementals
  4 gnoll sergeants
  8 scorpions
  A wight (D:7)
  22 killer bees
  A howler monkey (D:11)
  An electric eel (D:10)
  2 centaur zombies (Ossuary)
  4 lava snakes (Lair:5)
  A jelly (D:5)
  10 hounds
  8 orc priests (Orc:2)
  3 gnoll boudas
  Ijyb (D:5)
  2 iguanas
  27 orc wizards
  4 hell rats
  5 mummies (Ossuary)
  36 gnolls
  6 adders
  6 river rats (Lair:2)
  A shadow imp (D:5)
  6 white imps
  2 ufetubi (D:5)
  2 worms
  3 dart slugs
  60 orcs
  14 endoplasms
  2 giant cockroaches
  3 gnoll zombies (Ossuary)
  11 goblins
  7 hobgoblins
  26 jackals
  5 quokkas
  8 ball pythons
  8 bats
  6 frilled lizards
  21 kobolds
  3 kobold zombies (Ossuary)
  9 rats
744 creatures vanquished.

Vanquished Creatures (others)
  Kirke (Elf:1)
  A deep elf knight (Elf:2)
  5 humans (Elf:1)
  8 bushes (Lair:5)
  24 fungi
  38 plants
77 creatures vanquished.

Grand Total: 821 creatures vanquished

Notes
Turn   | Place    | Note
-------+----------+-------------------------------------------
     0 | D:1      | raistware the Octopode Conjurer began the quest for the
                  | Orb.
     0 | D:1      | Reached XP level 1. HP: 11/11 MP: 3/3
   248 | D:1      | Reached XP level 2. HP: 14/17 MP: 3/5
  1002 | D:1      | Reached XP level 3. HP: 21/21 MP: 5/7
  1383 | D:2      | Learned a level 3 spell: Mephitic Cloud
  1630 | D:2      | Reached XP level 4. HP: 27/27 MP: 4/9
  1643 | D:2      | Learned a level 4 spell: Iskenderun's Mystic Blast
  2025 | D:2      | Found a faded altar of an unknown god.
  2454 | D:3      | Noticed a phantom
  2456 | D:3      | Reached skill level 1 in Translocations
  2500 | D:3      | Killed a phantom
  2501 | D:3      | Reached XP level 5. HP: 11/31 MP: 0/11
  3266 | D:3      | Reached skill level 5 in Spellcasting
  3910 | D:3      | Identified the +0 tower shield of Lomell {*Corrode +Blink
                  | +Inv rN+}
  3982 | D:4      | Found Zuonoeg's Antique Weapon Emporium.
  3989 | D:4      | Reached XP level 6. HP: 30/36 MP: 6/13
  4105 | D:4      | Identified the +8 dagger of Terra Cotta {flame, Int+2}
  4194 | D:4      | Found a sand-covered staircase.
  4199 | Ossuary  | Entered an ossuary
  4619 | D:4      | Noticed a black bear
  4626 | D:4      | Killed a black bear
  4627 | D:4      | Reached XP level 7. HP: 41/41 MP: 11/16
  4728 | D:4      | Found an ornate altar of the Wu Jian Council.
  4885 | D:4      | Found a radiant altar of Vehumet.
  4897 | D:4      | Became a worshipper of Vehumet
  5152 | D:4      | Found Wuoluxorch's Book Boutique.
  5286 | D:4      | Found Xethriyss's Armour Boutique.
  5699 | D:4      | Reached * piety under Vehumet
  5699 | D:4      | Offered knowledge of Sandblast by Vehumet.
  6024 | D:4      | Reached XP level 8. HP: 46/46 MP: 9/19
  6560 | D:4      | Found Wyelo's Distillery.
  6568 | D:4      | Bought a potion of flight for 33 gold pieces
  6643 | D:4      | Offered knowledge of Poisonous Vapours by Vehumet.
  6685 | D:4      | Reached skill level 5 in Conjurations
  6717 | D:4      | Found Jatio's Weapon Shoppe.
  6834 | D:5      | Entered Level 5 of the Dungeon
  6837 | D:5      | Reached ** piety under Vehumet
  7647 | D:5      | Reached skill level 6 in Conjurations
  7888 | D:5      | Noticed Ijyb
  7898 | D:5      | Found a glowing golden altar of the Shining One.
  7907 | D:5      | Killed Ijyb
  7908 | D:5      | Reached skill level 7 in Conjurations
  8573 | D:5      | Reached skill level 8 in Conjurations
  8573 | D:5      | Reached XP level 9. HP: 51/51 MP: 16/21
  8811 | D:5      | Offered knowledge of Scorch by Vehumet.
  9675 | D:6      | Reached *** piety under Vehumet
 10066 | D:6      | Found an opulent altar of Gozag.
 10341 | D:6      | Found a staircase to the Ecumenical Temple.
 10350 | Temple   | Entered the Ecumenical Temple
 10805 | D:7      | Reached skill level 10 in Spellcasting
 11074 | D:7      | Offered knowledge of Airstrike by Vehumet.
 11405 | D:7      | Reached XP level 10. HP: 26/56 MP: 20/24
 11848 | D:7      | Found a broken altar of Ashenzari.
 12400 | D:8      | Reached **** piety under Vehumet
 12403 | D:8      | Offered knowledge of Stone Arrow by Vehumet.
 12522 | D:8      | Learned a level 3 spell: Stone Arrow
 12628 | D:8      | HP: 1/56 [centaur/+1 battleaxe of electrocution (16)]
 12816 | D:8      | Noticed a two-headed ogre
 12821 | D:8      | Killed a two-headed ogre
 12822 | D:8      | Reached skill level 9 in Conjurations
 12863 | D:8      | Found Gawiclar's Weapon Emporium.
 13665 | D:9      | Identified the +3 chain mail of a Thousand Tusks {Str+4}
 13761 | D:9      | Noticed Erolcha
 13762 | D:9      | Noticed Gastronok
 14208 | D:8      | Killed Erolcha
 14209 | D:8      | Reached skill level 10 in Conjurations
 14273 | D:9      | Reached XP level 11. HP: 61/61 MP: 22/27
 14278 | D:9      | Reached skill level 11 in Conjurations
 14458 | D:9      | Killed Gastronok
 14658 | D:9      | Found a staircase to the Orcish Mines.
 14692 | D:9      | Noticed Joseph
 14696 | D:9      | Killed Joseph
 14697 | D:9      | Reached skill level 12 in Conjurations
 14697 | D:9      | Reached skill level 1 in Earth Magic
 14762 | D:9      | Noticed Psyche
 14768 | D:9      | Killed Psyche
 14888 | D:9      | Reached ***** piety under Vehumet
 14890 | D:9      | Offered knowledge of Lee's Rapid Deconstruction by Vehumet.
 15017 | D:9      | Noticed a death yak
 15019 | D:9      | Noticed a death yak
 15052 | D:9      | Killed a death yak
 15053 | D:9      | Reached skill level 5 in Earth Magic
 15063 | D:9      | Killed a death yak
 15209 | D:9      | Noticed a death yak
 15835 | D:9      | Found a staircase to the Lair.
 15928 | D:9      | Killed a death yak
 16047 | D:10     | Entered Level 10 of the Dungeon
 16157 | D:10     | Found a glowing silver altar of Zin.
 16158 | D:10     | Found a stormy altar of Qazlal.
 16159 | D:10     | Found a sacrificial altar of Ru.
 16162 | D:10     | Found a bloodstained altar of Trog.
 16338 | D:10     | Noticed a two-headed ogre
 16345 | D:10     | Noticed a cyan ugly thing
 16352 | D:10     | Killed a cyan ugly thing
 16353 | D:10     | Reached XP level 12. HP: 40/67 MP: 13/28
 16366 | D:10     | Reached skill level 1 in Fighting
 16379 | D:10     | Killed a two-headed ogre
 16542 | D:10     | Noticed a two-headed ogre
 16710 | D:10     | Found Capaon's Jewellery Shoppe.
 16853 | D:10     | Killed a two-headed ogre
 17010 | D:10     | Noticed Erica
 17021 | D:10     | Killed Erica
 17285 | D:10     | Noticed Harold
 17290 | D:10     | Killed Harold
 17950 | D:11     | Found a burning altar of Makhleb.
 19466 | Lair:1   | Entered Level 1 of the Lair of Beasts
 19762 | Lair:1   | Reached XP level 13. HP: 79/79 MP: 20/31
 20012 | Lair:1   | Reached skill level 5 in Fighting
 20969 | Lair:2   | Offered knowledge of Orb of Destruction by Vehumet.
 21528 | Lair:2   | Identified the +0 leather armour "Wypocausu" {+Inv rN+
                  | Int+2}
 22005 | Lair:2   | Found a staircase to the Shoals.
 22680 | Lair:3   | Reached skill level 13 in Conjurations
 22792 | Lair:3   | Learned a level 7 spell: Orb of Destruction
 23188 | Lair:3   | Found a runed translucent gate.
 23188 | Lair:3   | Found a runed translucent gate.
 23188 | Lair:3   | Found a runed translucent gate.
 23480 | Lair:3   | Found a staircase to the Snake Pit.
 23835 | Lair:3   | Noticed Yjeari's ghost (journeyman GrMo)
 24125 | Lair:4   | Reached skill level 14 in Conjurations
 24719 | Lair:4   | Reached XP level 14. HP: 94/94 MP: 12/32
 25366 | Lair:4   | Reached skill level 15 in Conjurations
 25691 | Lair:5   | Entered Level 5 of the Lair of Beasts
 25694 | Lair:5   | Found a broken altar of Ashenzari.
 26341 | Lair:5   | Found a viscous altar of Jiyva.
 26341 | Lair:5   | Found a staircase to the Slime Pits.
 26760 | Lair:5   | Reached skill level 16 in Conjurations
 27264 | Lair:5   | Reached skill level 10 in Fighting
 27264 | Lair:5   | Reached XP level 15. HP: 91/103 MP: 2/33
 27266 | Lair:5   | Reached skill level 5 in Dodging
 27533 | Lair:5   | Found a large runed translucent door.
 27533 | Lair:5   | Found a large runed translucent door.
 27543 | Lair:5   | Offered knowledge of Iron Shot by Vehumet.
 27569 | Lair:5   | Learned a level 6 spell: Iron Shot
 28652 | Orc:1    | Entered Level 1 of the Orcish Mines
 28975 | Orc:1    | You fall into a shaft and drop 1 floor!
 28975 | Orc:2    | Entered Level 2 of the Orcish Mines
 29135 | Orc:2    | Found a bloodstained altar of Trog.
 29657 | Orc:1    | Found a runed translucent gate.
 29657 | Orc:1    | Found a runed translucent gate.
 29657 | Orc:1    | Found a runed translucent gate.
 29658 | Orc:1    | Noticed Ashen's ghost (journeyman DsIE)
 29664 | Orc:1    | Found an iron altar of Okawaru.
 30239 | Orc:2    | Learned a level 4 spell: Olgreb's Toxic Radiance
 31042 | Orc:2    | Offered knowledge of Starburst by Vehumet.
 31378 | Orc:2    | Found a staircase to the Elven Halls.
 31436 | Orc:2    | Noticed an orc warlord
 31447 | Orc:2    | Paralysed by an orc sorcerer for 5 turns
 31450 | Orc:2    | Reached XP level 16. HP: 91/109 MP: 25/34
 31481 | Orc:2    | Reached skill level 10 in Earth Magic
 31673 | Orc:2    | Found Zampuiny's General Store.
 31674 | Orc:2    | Found Rutogis's Jewellery Shoppe.
 31676 | Orc:2    | Found Zuirphibio's Antique Armour Shoppe.
 31676 | Orc:2    | Found Gionid's Antique Weapon Emporium.
 31735 | Orc:2    | Bought a ring of magical power for 340 gold pieces
 31771 | Elf:1    | Entered Level 1 of the Elven Halls
 31812 | Elf:1    | Found a radiant altar of Vehumet.
 32486 | Elf:1    | Noticed Kirke
 32502 | Elf:1    | Killed Kirke
 33202 | Elf:1    | Found Raxkarch's General Store.
 33202 | Elf:1    | Found Zaomnaeq's General Store.
 33207 | Elf:1    | Found Dyvicyh's Distillery.
 33215 | Elf:1    | Found Geiz Yda's Armour Shoppe.
 33248 | Elf:1    | Bought 2 datura-tipped darts for 10 gold pieces
 33798 | Elf:1    | Reached skill level 17 in Conjurations
 33809 | Elf:1    | Identified the +3 crystal plate armour "Waohu" {rC+ Dex+2}
 34139 | Elf:2    | Reached skill level 15 in Spellcasting
 34187 | Elf:2    | Paralysed by an air elemental for 1 turns
 34804 | Elf:2    | Found a runed translucent door.
 34830 | Elf:2    | Found a runed translucent door.
 35988 | Elf:2    | Noticed a deep elf blademaster
 36075 | Elf:3    | Entered Level 3 of the Elven Halls
 36446 | Elf:3    | Offered knowledge of Ozocubu's Refrigeration by Vehumet.
 36471 | Elf:3    | Reached XP level 17. HP: 76/115 MP: 14/36
 36947 | Elf:3    | Found a portal to a secret trove of treasure.
 36947 | Elf:3    | Found Buiwuposch's Antique Armour Shoppe.
 37095 | Elf:3    | Identified the ring of Divine Compulsion {Fly rF- rC+ MP+9
                  | Str+2}
 37919 | Elf:3    | Noticed a deep elf blademaster
 38172 | Elf:3    | Identified the ring "Jatomo" {rF+ AC+4}
 38209 | Elf:3    | Reached skill level 18 in Conjurations
 38546 | Elf:3    | Killed from afar by a deep elf high priest

Illustrated notes

Levels and vault maps discovered:
D:1:      mrwooster_arrival_arrow, layout_loops_ring
D:2:      layout_basic, shapermc_ecumenical_altar_mp_vishouse,
          minmay_split_cup_large
D:3:      minmay_chambers_of_twos, layout_basic, grunt_ministairs_14
D:4:      lemuel_castle_with_subvaults [lemuel_castle_interior_carwin_2],
          layout_gridville, nicolae_wu_jian_immortal_techniques,
          fiery_altar_vehumet, enter_ossuary_2, serial_shops,
          nicolae_diamond_shop, shop_statue, shop, nicolae_shop_waterfront,
          nicolae_stop_n_shop_1, minmay_close_crescents
D:5:      layout_cave_pools, tso_metal_star, serial_gnoll_camp,
          gnoll_camp_mini_doghouse, gnoll_camp_mini_hut,
          gnoll_camp_mini_sergeant, gnoll_camp_mini_basic, gnoll_camp_mini_hut,
          gnoll_camp_mini_doghouse, uniq_ijyb
D:6:      layout_basic, nicolae_overflow_crystal_walls,
          minmay_temple_entry_poolview, minmay_misc_feat_plants
D:7:      wad_crossroads, layout_layer_cave, lemuel_coloured_pillars_altar,
          kennysheep_generic_room_9
D:8:      layout_gridville, minmay_misc_feat_square, minmay_misc_feat_alley,
          nicolae_inconvenience_store
D:9:      layout_cave_pools, dpeg_lair_monsters, orc_0_dummy,
          hangedman_abyss_or_decor_clamps, uniq_psyche, uniq_erolcha,
          uniq_gastronok, uniq_joseph
D:10:     layout_cave_pods, minitemple, serial_park, serial_park_square3
          [serial_park_minivault_5x5_4], serial_park_paths
          [serial_park_minivault_5x5_2], serial_park_tiny_2,
          serial_park_avenue1, minmay_misc_feat_doors,
          minmay_shop_enchanted_jewellery, uniq_erica, uniq_harold
D:11:     layout_loops_ring, bloody_makhleb
D:12:     layout_cave_pools, serial_rivers, chequers_serial_rivers_large_b,
          chequers_serial_rivers_marsh, chequers_serial_rivers_small_a,
          chequers_serial_rivers_marsh
Temple:   hellmonk_temple_forest_ring
Lair:1:   layout_cave_pods, grunt_megastairs_1
Lair:2:   wander_river, layout_hall_layers, minmay_shoals_entry_hut,
          kennysheep_rathole
Lair:3:   layout_long_grid, dummy_snake_entry, gammafunk_ghost_necromancy,
          grunt_megastairs_5
Lair:4:   layout_long_grid, infiniplex_staircase_pool_2
Lair:5:   cheibrodos_lair_end_hotspot, layout_gridlike, slime_entry_1,
          basic_altar, grunt_forest_large_clearing_hut
Orc:1:    layout_diamond_mine, gammafunk_ghost_fury_of_okawaru
Orc:2:    st_orc_congregation, layout_caves, basic_altar, sword_in_stone
Elf:1:    eino_elf_arrival_altar, layout_loops_corners,
          kennysheep_underground_church, lemuel_flamethrower_3,
          minmay_shoptagon, uniq_kirke
Elf:2:    nicolae_elf_blades_splatter_lattice
          [nicolae_blade_entry_splitting_headache], layout_onion_city, drop_trap
Elf:3:    minmay_elf_hall_spiked, layout_geoelf_diagonals, serial_shops,
          shop_fountains, nicolae_trove_entry_isolated

Skill      XL: |  1  2  3  4  5  6  7  8  9 10 11 12 13 14 15 16 17 |
---------------+----------------------------------------------------+-----
Spellcasting   | 3 4 5 6 7 8 10 12 14 15 16 | 16.8
Translocations | 2 3 4 |  4.0
Conjurations   | 8 10 12 14 16 17 18 | 18.0
Earth Magic    | 8 9 10 | 10.0
Fighting       | 4 8 10 | 10.1
Dodging        | 4 8 |  8.0
Stealth        | 3 |  3.0
Evocations     | 2 |  2.0

Action                   |  1- 3 |  4- 6 |  7- 9 | 10-12 | 13-15 | 16-18 || total
-------------------------+-------+-------+-------+-------+-------+-------++-------
Melee: Unarmed           |    13 |     6 |       |       |       |       ||    19
       Constrict         |     2 |    13 |    24 |    12 |    16 |     5 ||    72
       Tentacles         |     1 |    18 |    25 |    17 |    15 |     6 ||    82
       Dagger            |       |    37 |   116 |    68 |    49 |    25 ||   295
       Punch             |       |       |     3 |       |       |     2 ||     5
Throw: Dart              |       |       |     1 |     4 |     6 |       ||    11
       Throwing net      |       |       |       |     1 |       |       ||     1
 Cast: Magic Dart        |    75 |   112 |   340 |    60 |    52 |     8 ||   647
       Mephitic Cloud    |       |       |    14 |    13 |     6 |     1 ||    34
       Iskenderun's Myst |       |       |    20 |    72 |    71 |    37 ||   200
       Stone Arrow       |       |       |       |   132 |   242 |    14 ||   388
       Orb of Destructio |       |       |       |       |    44 |    12 ||    56
       Iron Shot         |       |       |       |       |    37 |   144 ||   181
       Olgreb's Toxic Ra |       |       |       |       |     7 |    16 ||    23
Evoke: Wand              |       |       |       |     2 |     2 |     2 ||     6
  Use: Scroll            |       |     3 |     7 |     6 |    11 |     2 ||    29
       Potion            |       |       |     1 |     4 |     1 |       ||     6
 Stab: Distracted        |       |     1 |       |       |       |       ||     1
       Sleeping          |       |       |     7 |     2 |       |       ||     9
       Confused          |       |       |     4 |     4 |       |       ||     8
Armor: Skin              |       |     8 |    10 |     4 |     3 |     2 ||    27
Dodge: Dodged            |    14 |    35 |   109 |    62 |    51 |    38 ||   309
Block: Other             |       |       |       |    23 |    20 |    13 ||    56
       Reflection        |       |       |       |     5 |     2 |     4 ||    11
